 Dungeon Crawl Stone Soup version 0.20-a0-1074-g6a0a8e1 (webtiles) character file.

30 Alarkh the Chopper (level 3, 29/29 HPs)
             Began as a Demonspawn Monk on Apr 29, 2017.
             Got out of the dungeon alive.
             The game lasted 00:00:51 (1289 turns).

Alarkh the Chopper (Demonspawn Monk)                Turns: 1289, Time: 00:00:51

Health: 29/29      AC:  5    Str: 11    XL:     3   Next: 3%
Magic:  3/3        EV: 15    Int: 12    God:
Gold:   89         SH:  0    Dex: 15    Spells: 2/2 levels left

rFire    . . .     SeeInvis .   a - +0 hand axe
rCold    . . .     Gourm    .   (no shield)
rNeg     . . .     Faith    .   b - +0 robe
rPois    .         Spirit   .   e - +2 helmet
rElec    .         Reflect  .   (no cloak)
rCorr    +         Harm     .   (no gloves)
MR       .....                  (no boots)
Stlth    ++........             (no amulet)
Regen    0.1/turn               d - ring of resist corrosion
MPRegen  0.1/turn               (no ring)

@: no status effects
A: repulsion field 1, demonic guardian 1
a: no special abilities


You escaped.
You were not hungry.

You visited 1 branch of the dungeon, and saw 2 of its levels.

You collected 89 gold pieces.

Inventory:

Hand Weapons
 a - a +0 hand axe (weapon)
Armour
 b - a +0 robe (worn)
 e - a +2 helmet (worn)
Jewellery
 d - a ring of resist corrosion (left hand)
Scrolls
 h - a scroll of noise {unknown}
 m - 2 scrolls of recharging {unknown}
 n - a scroll of teleportation {unknown}
Potions
 f - a potion of degeneration {unknown}
 g - a potion of cancellation {unknown}
 i - a potion of curing {unknown}
 k - a potion of mutation {unknown}
Comestibles
 c - a bread ration
 j - 2 chunks of flesh
 l - a royal jelly


   Skills:
 - Level 3.0 Fighting
 + Level 3.8 Axes
 - Level 2.6 Dodging
 - Level 1.7 Stealth


You had 2 spell levels left.
You didn't know any spells.

Dungeon Overview and Level Annotations

Branches:
Dungeon (2/15)

Altars:


Innate Abilities, Weirdness & Mutations

You are surrounded by a mild repulsion field. (EV +2)
A weak demonic guardian rushes to your aid.


Message History

No target in view!
No target in view!
No target in view!
No target in view!
No target in view!
No target in view!
No target in view!
No target in view!
Unknown command.
Unknown command.
j - 3 chunks of flesh Eating one of 3 chunks of flesh.
You eat one of the 3 chunks of flesh.
This raw flesh tastes terrible.
Done exploring.
Done exploring.
(D) Dungeon
Where to? (Enter - D:1 @ (x,y), ? - help)
There is a staircase leading out of the dungeon here.
Are you sure you want to leave the Dungeon?
This will make you lose the game!
You have escaped!

.#######.............### #......
## ##.................## ##.....
##.........####......## #.##.#
##........########.....###.##.#
#.......####....###.....##.##.#
##......###........##....##.##..
#.......##...###...###....#.####
##......###..#####...##....#.#
#.......##..###.@##..##....#.#
#......###..###.##..###....#.#
#......###...##.....##....##.#
........##....#######....###.####
........###....####......# #.....
...(....# ##............## #.....
........## ####......#######.###.
...>.....# ######## #.......
.........# #.#.###.


There were no monsters in sight!

Vanquished Creatures
  An ooze (D:1)
  2 dart slugs (D:1)
  2 giant cockroaches (D:1)
  3 goblins (D:1)
  3 hobgoblins (D:1)
  4 kobolds (D:1)
  3 bats
  3 frilled lizards (D:1)
  2 rats (D:1)
23 creatures vanquished.

Notes
Turn   | Place    | Note
-------+----------+-------------------------------------------
     0 | D:1      | Alarkh the Demonspawn Monk began the quest for the Orb.
     0 | D:1      | Reached XP level 1. HP: 18/18 MP: 1/1
   313 | D:1      | Gained mutation: You are surrounded by a mild repulsion field. (EV +2) [demonic ancestry]
   313 | D:1      | Reached XP level 2. HP: 23/24 MP: 2/2
  1142 | D:2      | Gained mutation: A weak demonic guardian rushes to your aid. [demonic ancestry]
  1142 | D:2      | Reached XP level 3. HP: 29/29 MP: 3/3
  1289 | D:$      | Got out of the dungeon alive.

Vault maps used:
D:1:      dpeg_arrival_snail
D:2:      cheibrodos_greedy_goblins, zin_angel, bh_chokoban,
          uniq_crazy_yiuf_cottage

Skill      XL: |  1 |
---------------+----+-----
Axes           | 3 |  3.8
Fighting       | |  3.0
Dodging        | |  2.6
Stealth        | |  1.7

Action                   || total
-------------------------++-------
Melee: Hand axe          ||    83
 Stab: Sleeping          ||     3
  Eat: Chunk             ||     1
Armor: Robe              ||    24
Dodge: Dodged            ||    59
